 Dungeon Crawl Stone Soup version 0.28.0-49-g6dfe1f597d (webtiles) character file.

Game seed: 1950822291700834915

226 testaccount2 the Magician (level 6, 0/41 HPs)
             Began as a Human Hedge Wizard on May 11, 2022.
             Slain by a gnoll
             ... wielding a +0 spear
              (5 damage)
             ... on level 2 of the Dungeon.
             The game lasted 00:12:01 (2641 turns).

testaccount2 the Magician (Human Hedge Wizard)      Turns: 2641, Time: 00:12:01

Health: 0/41       AC:  4    Str: 16    XL:     6   Next: 22%
Magic:  5/14       EV: 12    Int: 17    God:
Gold:   65         SH:  0    Dex: 12    Spells: 14/15 levels left

rFire   . . .      SeeInvis .   e - +2 dagger (holy)
rCold   . . .      Faith    .   (no shield)
rNeg    . . .      Spirit   .   d - +1 robe {Will+}
rPois   .          Reflect  .   c - +0 hat
rElec   .          Harm     .   (no cloak)
rCorr   .          Rampage  .   f - +0 pair of gloves
Will    +....                   (no boots)
Stlth   ++........              (no amulet)
HPRegen 0.13/turn               g - +6 ring of strength
MPRegen 0.14/turn               (no ring)

@: no status effects
A: no striking features
a: no special abilities


You were on level 2 of the Dungeon.
You visited 1 branch of the dungeon, and saw 2 of its levels.

You collected 65 gold pieces.

Inventory:

Hand Weapons
 e - a +2 dagger of holy wrath (weapon)
Armour
 c - a +0 hat (worn)
 d - a +1 robe of willpower (worn)
 f - a +0 pair of gloves (worn)
Jewellery
 g - a +6 ring of strength (left hand)
Scrolls
 b - a scroll of identify {unknown}


   Skills:
 - Level 2.0 Dodging
 - Level 2.0 Stealth
 + Level 5.3 Spellcasting
 + Level 3.1 Conjurations
 - Level 1.0 Summonings
 - Level 1.0 Translocations


You had 14 spell levels left.
You knew the following spells:

 Your Spells              Type           Power      Damage    Failure   Level
a - Magic Dart            Conj           60%        1d6       3%          1

Your spell library contained the following spells:

 Spells                   Type           Power      Damage    Failure   Level
 Slow                     Hex            16%        N/A       14%         1
 Blink                    Tloc           14%        N/A       14%         2
 Call Imp                 Summ           7%         N/A       14%         2
 Conjure Flame            Conj/Fire      9%         6-21      22%         3
 Mephitic Cloud           Conj/Pois/Air  8%         N/A       26%         3


Dungeon Overview and Level Annotations

Branches:
Dungeon (2/15)

Altars:

Annotations:
D:2 Robin


Message History

The gnoll closely misses you. The gnoll hits you with a +0 club.
Casting: Magic Dart (safe; 4% risk of failure)
Confirm with . or Enter, or press ? or * to list all spells.
Aiming: Magic Dart (safe; 4% risk of failure)
Press: ? - help, Shift-Dir - straight line, f/p - gnoll
Aim: a gnoll, wielding a +0 club (almost dead, 100% to hit)
The magic dart hits the gnoll.
You kill the gnoll!
The gnoll barely misses you. The gnoll barely misses you.
Your magical contamination has completely faded away.
Things that are here:
a +0 club; a throwing net; a gnoll corpse You hit the gnoll.
The gnoll is moderately wounded.
The gnoll barely misses you.
You hit the gnoll but do no damage.
The gnoll is moderately wounded.
The gnoll hits you with a +0 spear.
You hit the gnoll.
The gnoll is moderately wounded.
The gnoll barely misses you.
You hit the gnoll.
The gnoll is severely wounded.
The gnoll closely misses you.
You hit the gnoll but do no damage.
The gnoll is severely wounded.
The gnoll hits you with a +0 spear.
* * * LOW HITPOINT WARNING * * *
You hit the gnoll but do no damage.
The gnoll is severely wounded.
The gnoll hits you with a +0 spear!
* * * LOW HITPOINT WARNING * * *
You hit the gnoll.
The gnoll is almost dead.
The gnoll completely misses you.
You closely miss the gnoll.
The gnoll is almost dead.
The gnoll hits you with a +0 spear.
You die...

##.## #...## # #.###.##
# #. #..# # # #..# #
#...#.# # #####.# #
##### ############ #.# #
.....
#......@g..###.#########
##...
#.#######...............
.# # #..###.######### .#
#..# #.# # ...... #..#
#.# # .#.##. #..###)####
# .#.# #.......).# .# .
#....####)# .# #.... #.#


You could see a gnoll.

Vanquished Creatures
  Sigmund (D:2)
  2 gnolls (D:2)
  A worm (D:2)
  An endoplasm (D:1)
  A giant cockroach (D:1)
  9 goblins (D:2)
  6 hobgoblins
  6 kobolds (D:1)
  2 quokkas
  4 ball pythons
  A bat (D:2)
  2 frilled lizards
  4 rats
40 creatures vanquished.

Notes
Turn   | Place    | Note
-------+----------+-------------------------------------------
     0 | D:1      | testaccount2 the Human Hedge Wizard began the quest for the
                  | Orb.
     0 | D:1      | Reached XP level 1. HP: 13/13 MP: 4/4
   445 | D:1      | Reached XP level 2. HP: 14/19 MP: 0/6
   611 | D:1      | Found a faded altar of an unknown god.
  1058 | D:1      | You fall into a shaft and drop 1 floor!
  1230 | D:2      | Reached XP level 3. HP: 24/24 MP: 8/8
  2027 | D:2      | Noticed Sigmund
  2072 | D:2      | Killed Sigmund
  2073 | D:2      | Reached skill level 5 in Spellcasting
  2073 | D:2      | Reached XP level 4. HP: 15/30 MP: 2/11
  2073 | D:2      | Reached XP level 5. HP: 17/35 MP: 2/12
  2073 | D:2      | Reached XP level 6. HP: 20/41 MP: 2/13
  2441 | D:2      | Noticed Robin
  2641 | D:2      | Slain by a gnoll

Illustrated notes

Levels and vault maps discovered:
D:1:      sevenhm_arrival_forest_fort_small_4, layout_loops_ring,
          chequers_ecumenical_altar_island, serial_rivers,
          chequers_serial_rivers_small_b, chequers_serial_rivers_marsh,
          chequers_serial_rivers_small_3, chequers_serial_rivers_micro_e,
          chequers_mini_garden
D:2:      layout_loops_ring, uniq_sigmund, uniq_robin

Skill      XL: |  1  2  3  4  5  6 |
---------------+-------------------+-----
Spellcasting   | 5 |  5.3
Conjurations   | 2 3 |  3.1
Dodging        | |  2.0
Stealth        | |  2.0
Summonings     | |  1.0
Translocations | |  1.0

Action                   |  1- 3 |  4- 6 || total
-------------------------+-------+-------++-------
Melee: Dagger            |    65 |    23 ||    88
       Punch             |     1 |       ||     1
 Cast: Magic Dart        |    67 |    38 ||   105
  Use: Scroll            |     1 |     1 ||     2
       Potion            |     4 |       ||     4
Armor: Robe              |    11 |     3 ||    14
       Skin              |    15 |       ||    15
Dodge: Dodged            |    28 |    19 ||    47
